 Dungeon Crawl Stone Soup version 0.28.0-43-g3370ac3207 (console) character file.

Game seed: 17529983154580433982

151 Zeor the Magician (level 5, -1/40 HPs)
             Began as a Djinni Cinder Acolyte on Mar 24, 2022.
             Was a High Priest of Ignis.
             Slain by an iguana (8 damage)
             ... on level 4 of the Dungeon.
             The game lasted 00:06:47 (2446 turns).

Zeor the Magician (Djinni Cinder Acolyte)           Turns: 2446, Time: 00:06:48

Health: -1/40      AC:  9    Str: 11    XL:     5   Next: 59%
Gold:   120        EV: 11    Int: 21    God:    Ignis [*****.] SH:  0 Dex:  9

rFire   + + +      SeeInvis .   a - +7 lajatang {holy, Str-2 Int+4}
rCold   x x .      Faith    .   (shield currently unavailable)
rNeg    . . .      Spirit   .   i - +0 robe
rPois   ∞          Reflect  .   (no helmet)
rElec   .          Harm     .   (no cloak)
rCorr   .          Rampage  .   (no gloves)
Will    .....                   (boots unavailable)
Stlth   +.........              d - amulet of regeneration
HPRegen 0.93/turn               c - ring of fire
MPRegen 0.00/turn               (no ring)

@: fiery-armoured, flying
A: sickness immunity, fire resistance 2, cold vulnerability 1, float, innate
caster, HP casting, extra vitality 1
a: Renounce Religion, Fiery Armour, Foxfire Swarm, Rising Flame


You were on level 4 of the Dungeon.
You worshipped Ignis.
Ignis was extremely pleased with you.
You visited 1 branch of the dungeon, and saw 4 of its levels.

You collected 120 gold pieces.

Inventory:

Hand Weapons
 a - the +7 lajatang "Mecunle" (weapon) {holy, Str-2 Int+4}
   (You found it on level 3 of the Dungeon)

   It has been blessed by the Shining One to cause great damage to the undead
   and demons.
   Str:       It affects your strength (-2).
   Int:       It affects your intelligence (+4).
 b - a -1 falchion of flaming
Armour
 i - a +0 robe (worn)
Jewellery
 c - a ring of fire (left hand)
 d - an amulet of regeneration (around neck)
 f - an amulet of reflection
Scrolls
 g - a scroll of silence
 j - a scroll of fog


   Skills:
 + Level 3.4 Fighting
 + Level 2.9 Long Blades
 + Level 0.1 Dodging
 + Level 0.1 Stealth
 * Level 4.1 Spellcasting


You had 7 spell levels left.
You knew the following spells:

 Your Spells              Type           Power      Damage    Failure   Level
a - Scorch                Fire           66%        2d8       3%          2
b - Magic Dart            Conj           88%        1d7       2%          1
c - Passwall              Tmut/Erth      18%        N/A       3%          2
Your spell library was empty.

Dungeon Overview and Level Annotations

Branches:
Dungeon (4/15)
 Temple: D:4-7

Altars:

Shops:
D:4 (


Innate Abilities, Weirdness & Mutations

You are immune to sickness and miasma.
You are immune to poison.
Your flesh is very heat resistant. (rF++)
You are vulnerable to cold. (rC-)
You float through the air rather than walking.
You learn spells naturally, not from books.
Your magical power is your life essence.
You have superior vitality. (+4 MHP)


Message History

Your Spellcasting skill increases to level 4!
You start resting.
HP restored.
An iguana comes into view.
Casting: Scorch (safe; 3% risk of failure)
Press: ? - help, Q - select action, (/) - cycle Dir - look around, f - activate You feel a surge of power!
Flames lash the orc priest.
The orc priest is heavily wounded.
The orc priest's fire resistance burns away.
You hear a shout!
An orc comes into view. It is wielding a +0 dagger.
Casting: Scorch (safe; 3% risk of failure)
Press: ? - help, Q - select action, (/) - cycle Dir - look around, f - activate You feel a surge of power!
Flames lash the orc priest.
The orc priest is burned terribly!
You kill the orc priest!
An orc wizard comes into view. It is wielding a +0 dagger.
Casting: Scorch (safe; 3% risk of failure)
Press: ? - help, Q - select action, (/) - cycle Dir - look around, f - activate You feel a surge of power!
Flames lash the iguana.
The iguana is moderately wounded.
The iguana's fire resistance burns away.
Casting: Scorch (safe; 3% risk of failure)
Press: ? - help, Q - select action, (/) - cycle Dir - look around, f - activate You feel a surge of power!
Flames lash the iguana.
The iguana is burned terribly!
The iguana is almost dead.
The iguana bites you!
You hit the iguana but do no damage.
The iguana is almost dead.
The iguana bites you. The iguana bites you!
* * * LOW HITPOINT WARNING * * *
You feel better. The iguana bites you!
* * * LOW HITPOINT WARNING * * *
Casting: Scorch (safe; 3% risk of failure)
Press: ? - help, Q - select action, (/) - cycle Dir - look around, f - activate
Okay, then.
A protective cloak of flame settles atop you.
The iguana bites you!
You die... ▒∙∙∙∙∙ ∙∙∙∙∙ ∙∙ ∙∙∙∙∙ ∙▒▒▒▒ ∙∙∙▒ ∙∙∙∙ ▒∙∙∙ ?∙o ▒∙∙▒ ∙∙ ▒ ▒∙∙▒ ∙♣∙▒ ▒∙R▒♣∙∩∙♣ ▒∙∙loo♣

▒∙∙▒▒▒▒
▒∙∙▒
▒∙∙▒▒▒▒▒▒▒▒
▒∙∙∙∙∙∙∙∙∙∙
▒∙∙▒▒▒▒▒▒▒▒
▒▒∙∙▒ ▒∙∙∙▒


You could see an iguana (combustible), an orc wizard and an orc.

Vanquished Creatures
  A hound (D:3)
  An orc priest (D:4)
  A gnoll (D:1)
  4 adders
  An adder skeleton (D:4)
  An orc (D:3)
  3 ball pythons
  5 endoplasms
  3 giant cockroaches
  5 goblins
  6 hobgoblins
  A quokka (D:3)
  5 frilled lizards
  6 kobolds
  3 rats (D:2)
46 creatures vanquished.

Notes
Turn   | Place    | Note
-------+----------+-------------------------------------------
     0 | D:1      | Zeor the Djinni Cinder Acolyte began the quest for the Orb.
     0 | D:1      | Reached XP level 1. HP: 20/20 MP: 0/0
    19 | D:1      | HP: 1/20 [gnoll/+0 whip (5)]
    21 | D:1      | Reached XP level 2. HP: 1/25 MP: 0/0
   818 | D:1      | Reached skill level 3 in Spellcasting
   818 | D:1      | Reached XP level 3. HP: 28/30 MP: 0/0
   818 | D:1      | Learned a level 1 spell: Magic Dart
  1374 | D:2      | Reached XP level 4. HP: 35/35 MP: 0/0
  2168 | D:3      | Reached XP level 5. HP: 21/40 MP: 0/0
  2168 | D:3      | Learned a level 2 spell: Passwall
  2200 | D:3      | Identified the +7 lajatang "Mecunle" {holy, Str-2 Int+4}
  2429 | D:4      | Found Baymn's Weapon Emporium.
  2437 | D:4      | Reached skill level 4 in Spellcasting
  2446 | D:4      | Slain by an iguana

Illustrated notes

Levels and vault maps discovered:
D:1:      tarquinn_simple_flora_water_a, layout_basic, hangedman_decor_growths
D:2:      layout_basic, chequers_garden
D:3:      layout_rooms
D:4:      layout_loops_ring, nicolae_wu_jian_immortal_techniques,
          minmay_temple_entry_junction, serial_shops, nicolae_shop_trees

Skill      XL: |  1  2  3  4  5 |
---------------+----------------+-----
Spellcasting   | 3 4 |  4.1
Fighting       | |  3.4
Long Blades    | |  2.9
Dodging        | |  0.1
Stealth        | |  0.1

Action                   |  1- 3 |  4- 6 || total
-------------------------+-------+-------++-------
Melee: Falchion          |    11 |    12 ||    23
       Punch             |       |     2 ||     2
       Lajatang          |       |     3 ||     3
 Cast: Scorch            |    32 |    31 ||    63
       Magic Dart        |     3 |     7 ||    10
Invok: Fiery Armour      |       |     1 ||     1
  Use: Scroll            |     2 |     5 ||     7
       Potion            |       |     1 ||     1
Armor: Robe              |     3 |       ||     3
Dodge: Dodged            |     7 |    15 ||    22
